AoeStats
← Babifort

Arabia

510526635Analyzed
1v1 RM · 2d ago on Oct 1, 2026· 44m 18s· 2 players
Game mode
Random Map
Map size
Tiny (2 player)
Population
200
Speed
Normal
Resources
Standard
Victory
Conquest
Starting age
Dark Age
Ending age
Imperial Age
RankedLock teamsTeams togetherTeam positionsShared explorationLock speedFull tech treeHidden civsTurbo modeCheats
Victory
Defeat
🇫🇷 Malians · France
1495
+17
🇦🇷 Vietnamese · Argentina
1514
-17
Babifort
6:39 Loom
9:06 Feudal Age
9:54 Double-Bit Axe
10:12 Horse Collar
15:53 Forging
19:42 Castle Age
19:55 Scale Barding Armor
21:25 Wheelbarrow
21:54 Iron Casting
27:21 Chain Barding Armor
27:14 Bloodlines
32:57 Imperial Age
30:51 Heavy Plow
31:05 Husbandry
31:54 Padded Archer Armor
31:44 Fletching
32:33 Hand Cart
33:16 Bodkin Arrow
33:04 Cavalier
34:35 Plate Barding Armor
36:21 Farimba
37:42 Scale Mail Armor
38:19 Bow Saw
38:44 Crop Rotation
38:34 Elite Gbeto
39:37 Chain Mail Armor
39:47 Squires
39:33 Arson
39:27 Light Cavalry
41:35 Chemistry
40:46 Masonry
40:32 Murder Holes
44:19 Guilds
44:38 Conscription
45:26 Plate Mail Armor
MAD_22_
5:12 Loom
8:25 Feudal Age
8:56 Double-Bit Axe
10:44 Horse Collar
17:25 Wheelbarrow
20:22 Castle Age
18:41 Gold Mining
19:06 Fletching
20:03 Padded Archer Armor
20:15 Bloodlines
20:59 Bodkin Arrow
21:30 Bow Saw
26:00 Heavy Plow
26:36 Husbandry
33:02 Hand Cart
32:33 Town Watch
36:25 Imperial Age
33:37 Pikeman
34:17 Squires
34:18 Scale Mail Armor
34:23 Stone Mining
35:40 Ballistics
36:22 Chain Mail Armor
36:18 Forging
38:22 Chemistry
38:01 Bracer
38:05 Halberdier
41:30 Cavalier
Connection lost

Rejoining the realm…

Still unreachable

The connection could not be restored.

Session expired

The server has moved on; the page needs a fresh start.